 Dungeon Crawl Stone Soup version 0.30.1 (webtiles) character file.

Game seed: 18423312190771589469

78671 Gabide the Marksdemigod (level 14, -4/127 HPs)
             Began as a Demigod Hunter on July 2, 2023.
             Killed from afar by a fire dragon (40 damage)
             ... with a blast of flame
             ... on level 14 of the Dungeon.
             The game lasted 00:37:03 (18496 turns).

Gabide the Marksdemigod (Demigod Hunter)           Turns: 18496, Time: 00:37:04

Health: -4/127     AC: 13    Str: 12    XL:     14   Next: 78%
Magic:  17/17      EV: 33    Int: 11    God:
Gold:   743        SH:  0    Dex: 45    Spells: 13/13 levels left

rFire   . . .        b - +1 arbalest
rCold   . . .        (shield currently unavailable)
rNeg    . . .        O - +1 leather armour {Will+}
rPois   .            e - +1 helmet
rElec   .            h - +2 cloak
rCorr   .            f - +2 pair of gloves
SInv    .            i - +0 pair of boots
Will    ++...        E - amulet of regeneration
Stlth   +++          C - +6 ring of dexterity
HPRegen 1.21/turn    p - +6 ring of dexterity
MPRegen 0.15/turn

%: no passive effects
@: no status effects
A: high MP 1, forlorn, divine attributes
a: no special abilities


You were on level 14 of the Dungeon.
You visited 2 branches of the dungeon, and saw 19 of its levels.
You also visited: Volcano.

You collected 1595 gold pieces.
You spent 852 gold pieces at shops.

Inventory:

Hand Weapons
 a - a +2 shortbow of flaming
 b - a +1 arbalest (weapon)
Missiles
 s - 2 throwing nets
 B - 3 curare-tipped darts
Armour
 e - a +1 helmet (worn)
 f - a +2 pair of gloves (worn)
 h - a +2 cloak (worn)
 i - a +0 pair of boots (worn)
 A - +0 steam dragon scales
 F - a +3 ring mail of fire resistance
 O - a +1 leather armour of willpower (worn)
Jewellery
 l - a ring of ice
 p - a +6 ring of dexterity (right hand)
 z - a ring of flight
 C - a +6 ring of dexterity (left hand)
 E - an amulet of regeneration (around neck)
 G - a ring of protection from fire
 M - a ring of willpower
Wands
 c - a wand of polymorph (20)
 g - a wand of flame (12)
 m - a wand of digging (6)
 H - a wand of iceblast (7)
 J - a wand of quicksilver (1)
Scrolls
 d - 8 scrolls of teleportation
 j - 8 scrolls of identify
 n - 3 scrolls of blinking
 w - a scroll of amnesia
 x - 2 scrolls of magic mapping
 y - 2 scrolls of fog
 I - a scroll of fear
 P - a scroll of vulnerability
 R - a scroll of butterflies
Potions
 o - 2 potions of heal wounds
 q - 2 potions of haste
 r - 4 potions of attraction
 t - 4 potions of flight
 u - 2 potions of invisibility
 v - 4 potions of mutation
 L - 2 potions of ambrosia
 Q - a potion of resistance
Miscellaneous
 k - a phial of floods
 D - a condenser vane
 K - a phantom mirror
 N - a box of beasts


   Skills:
 + Level 12.9 Fighting
 * Level 18.0 Ranged Weapons
 + Level 12.9 Dodging
 - Level 1.0 Stealth


You had 13 spell levels left.
You didn't know any spells.
Your spell library contained the following spells:

 Spells                   Type           Power      Damage    Failure   Level
 Slow                     Hex            0%         N/A       41%         1
 Confusing Touch          Hex            0%         N/A       80%         3
 Dazzling Flash           Conj/Hex       0%         N/A       80%         3
 Vampiric Draining        Necr           0%         2d6       80%         3
 Volatile Blastmotes      Fire/Tloc      0%         2d10      80%         3
 Iskenderun's Mystic Bla  Conj/Tloc      0%         2d3       99%         4
 Starburst                Conj/Fire      0%         6d3       100%        6


Dungeon Overview and Level Annotations

Branches:
Dungeon (14/15)            Temple (0/1) D:4            Lair (5/5) D:11
 Shoals (0/4) Lair:3       Spider (0/4) Lair:3        Slime (0/5) Lair:5
    Orc (0/2) D:11         Vaults (0/5) D:13        Volcano (visited)

Shops:
D:1 ?   D:6 =

Annotations:
D:3 3 runed translucent doors, ripuliukko's ghost, amateur DEEE


Innate Abilities, Weirdness & Mutations

You have an increased reservoir of magic. (+10% MP)
You shall have no god before yourself.
Your divine heritage dramatically boosts your attributes as you level up.


Message History

The manticore's corpse dissolves into shadows!
Fire: b) +1 arbalest
Press: ? - help, Q - select action, (/) - cycle Shift-Dir - straight line, f - boggart
Aim: a boggart (75% to hit)
You shoot a bolt. The bolt hits the boggart!!!
You kill the boggart!
Unknown command.
Fire: b) +1 arbalest
Press: ? - help, Q - select action, (/) - cycle Shift-Dir - straight line, f - cane toad
Aim: a cane toad shaped shifter (summoned, 80% to hit)
You shoot a bolt. The bolt hits the cane toad!
The cane toad is moderately wounded.
Unknown command.
Fire: b) +1 arbalest
Press: ? - help, Q - select action, (/) - cycle Shift-Dir - straight line, f/p - cane toad
Aim: a cane toad shaped shifter (moderately wounded, summoned, 80% to hit)
You shoot a bolt. The bolt hits the cane toad!
The cane toad is severely wounded.
Fire: b) +1 arbalest
Press: ? - help, Q - select action, (/) - cycle Shift-Dir - straight line, f/p - cane toad
Aim: a cane toad shaped shifter (severely wounded, summoned, 80% to hit)
You shoot a bolt. The bolt hits the cane toad!
The cane toad is almost dead.
Fire: b) +1 arbalest
Press: ? - help, Q - select action, (/) - cycle Shift-Dir - straight line, f/p - cane toad
Aim: a cane toad shaped shifter (almost dead, summoned, 80% to hit)
You shoot a bolt. The bolt hits the cane toad!!!
You kill the cane toad!
The cane toad's corpse dissolves into shadows!
The boggart gestures wildly while chanting.
The boggart blinks!
Fire: b) +1 arbalest
Press: ? - help, Q - select action, (/) - cycle Shift-Dir - straight line, f - fire dragon
Aim: a fire dragon (moderately wounded, 82% to hit)
You shoot a bolt. The bolt hits the fire dragon!
The fire dragon is heavily wounded.
You carefully extract the barbed spikes from your body.
The fire dragon breathes flames at you. The blast of flame hits you!!!
You die...

#..# #.g# . #..### .#
#..ยง.# g# ######..#.##
g# # >..##.u#..## ..#
#โ‰ˆ #.##.D#..H###...#
###โ‰ˆ###.....##..Dg.FH#
...~.....##@#####g####
>..~....###.# .##
...~....#...# ##
..#โ‰ˆ#.......# #
#...###.## #..># #..
#...# #.# ###.###.#
#.....#


You could see a fire dragon (catching breath), a purple ugly thing and a
boggart.

Vanquished Creatures
  A red draconian (Volcano)
  Snorg (Lair:4)
  4 hydras
  6 two-headed ogres
  4 catoblepae
  3 centaur warriors (D:13)
  4 boulder beetles
  A tengu warrior (D:13)
  10 death yaks
  Sonja (D:11)
  A skyshark (Lair:4)
  A pharaoh ant (Lair:3)
  4 harpies
  An orc knight (Volcano)
  A necromancer (D:13)
  6 manticores
  A deep elf pyromancer (Volcano)
  Pikel (D:9)
  12 elephants
  7 ugly things
  3 salamanders (Volcano)
  4 cyclopes
  5 molten gargoyles
  4 slime creatures
  5 black mambas
  2 torpor snails
  16 cane toads
  Joseph (D:8)
  Maggie (D:7)
  3 gargoyles
  A kobold demonologist (D:6)
  3 rime drakes
  2 efreet
  An unseen horror (D:11)
  10 komodo dragons
  2 tengu conjurers
  2 trolls
  3 meliai (D:13)
  5 polar bears
  2 tarantellas (Lair:3)
  6 blink frogs
  2 dream sheep (Lair:5)
  2 jumping spiders (Lair:3)
  2 centaur simulacra (D:11)
  2 vampires (D:12)
  2 spriggans (Lair:2)
  3 wraiths
  4 wyverns
  Eustachio (D:4)
  8 vampire mosquitoes
  6 basilisks
  3 steam dragons
  52 yaks
  11 water moccasins
  Duvessa (D:4)
  3 orc warriors
  10 ice beasts
  A meliai simulacrum (D:11)
  2 sky beasts
  An ogre (D:7)
  2 black bears
  A boggart (D:14)
  3 lemures (D:9)
  22 wolves
  A phantom (D:4)
  17 centaurs
  17 bullfrogs
  4 kobold brigands
  4 scorpions
  10 wights
  16 killer bees
  Dowan (D:4)
  6 howler monkeys
  3 electric eels
  A hound (D:5)
  2 gnoll boudas
  8 orc priests
  Crazy Yiuf (D:2)
  3 jellies
  Natasha (thrice) (D:4)
  3 iguanas
  10 orc wizards
  7 gnolls
  8 adders
  3 white imps
  4 ufetubi
  3 worms
  4 dart slugs
  25 orcs
  4 ball pythons
  A bat (D:3)
  7 endoplasms
  5 giant cockroaches
  5 goblins
  6 hobgoblins
  27 kobolds
  4 quokkas
  5 frilled lizards
  2 rats (D:2)
525 creatures vanquished.

Vanquished Creatures (others)
  An orc (D:7)
1 creature vanquished.

Grand Total: 526 creatures vanquished

Notes
Turn   | Place    | Note
-------+----------+-------------------------------------------
     0 | D:1      | Gabide the Demigod Hunter began the quest for the Orb.
     0 | D:1      | Reached XP level 1. HP: 17/17 MP: 3/3
    42 | D:1      | Reached skill level 1 in Stealth
   263 | D:1      | Reached XP level 2. HP: 24/24 MP: 4/4
   285 | D:1      | Reached skill level 4 in Ranged Weapons
   300 | D:1      | Found Coheywyps's Magic Scroll Shoppe.
   736 | D:2      | Reached XP level 3. HP: 17/29 MP: 5/5
   933 | D:1      | Bought a scroll of enchant armour for 97 gold pieces
   989 | D:2      | Found a runed translucent door.
   990 | D:2      | Noticed Crazy Yiuf
  1326 | D:2      | Reached XP level 4. HP: 35/37 MP: 6/6
  1543 | D:2      | Killed Crazy Yiuf
  1848 | D:3      | Reached skill level 5 in Ranged Weapons
  1848 | D:3      | Reached XP level 5. HP: 22/44 MP: 7/7
  2052 | D:3      | Found a runed translucent gate.
  2052 | D:3      | Found a runed translucent gate.
  2052 | D:3      | Noticed ripuliukko's ghost (amateur DEEE)
  2053 | D:3      | Found a runed translucent gate.
  2262 | D:3      | Identified the +7 great mace "Kimuc" {heavy, Str+3}
  2543 | D:4      | Noticed a black bear
  2550 | D:3      | Killed a black bear
  2551 | D:3      | Reached XP level 6. HP: 44/51 MP: 8/8
  2583 | D:4      | Noticed Natasha
  2596 | D:4      | Killed Natasha
  2804 | D:4      | Found a staircase to the Ecumenical Temple.
  2977 | D:4      | Noticed Eustachio
  2989 | D:4      | Killed Eustachio
  2990 | D:4      | Reached skill level 6 in Ranged Weapons
  3036 | D:4      | Noticed Duvessa
  3040 | D:4      | Noticed Dowan
  3058 | D:4      | Killed Duvessa
  3059 | D:4      | Reached XP level 7. HP: 31/58 MP: 9/9
  3066 | D:4      | Killed Dowan
  3561 | D:4      | Noticed Natasha
  3565 | D:4      | Killed Natasha
  3643 | D:4      | Noticed Natasha
  3647 | D:4      | Killed Natasha
  3675 | D:5      | Entered Level 5 of the Dungeon
  3687 | D:5      | Reached skill level 7 in Ranged Weapons
  4134 | D:1      | Bought a scroll of amnesia for 52 gold pieces
  4134 | D:1      | Bought a scroll of magic mapping for 97 gold pieces
  4134 | D:1      | Bought a scroll of fog for 52 gold pieces
  4146 | D:1      | Bought a scroll of identify for 26 gold pieces
  4146 | D:1      | Bought a scroll of identify for 26 gold pieces
  4146 | D:1      | Bought a scroll of identify for 26 gold pieces
  4146 | D:1      | Bought a scroll of identify for 26 gold pieces
  4313 | D:6      | Reached XP level 8. HP: 57/67 MP: 10/10
  4636 | D:6      | Reached skill level 5 in Dodging
  4693 | D:6      | Reached skill level 5 in Fighting
  4822 | D:6      | Noticed a kobold demonologist
  4831 | D:6      | Noticed a red devil
  4837 | D:6      | Killed a kobold demonologist
  4837 | D:6      | HP: 3/68 [cloud of flame (25)]
  4838 | D:6      | Reached skill level 8 in Ranged Weapons
  5085 | D:6      | Found Xocvigg's Jewellery Shoppe.
  5755 | D:7      | Reached XP level 9. HP: 75/75 MP: 11/11
  5991 | D:7      | Reached skill level 9 in Ranged Weapons
  6258 | D:7      | Noticed Maggie
  6271 | D:7      | Killed Maggie
  6770 | D:8      | Noticed Joseph
  6782 | D:8      | Killed Joseph
  6783 | D:8      | Reached skill level 10 in Ranged Weapons
  7173 | D:8      | Reached XP level 10. HP: 84/86 MP: 13/13
  7406 | D:9      | Noticed Pikel
  7414 | D:9      | Killed Pikel
  7451 | D:9      | Noticed a two-headed ogre
  7461 | D:9      | Killed a two-headed ogre
  7462 | D:9      | Reached skill level 11 in Ranged Weapons
  7801 | D:9      | Noticed a two-headed ogre
  7806 | D:9      | Killed a two-headed ogre
  7820 | D:9      | Identified the +4 chain mail of Recklessness {rElec Regen+
                  | Str-5}
  7885 | D:9      | Noticed a cyclops
  7893 | D:9      | Killed a cyclops
  8209 | D:10     | Entered Level 10 of the Dungeon
  9181 | D:11     | Noticed Sonja
  9195 | D:11     | Killed Sonja
  9196 | D:11     | Reached skill level 12 in Ranged Weapons
  9196 | D:11     | Reached XP level 11. HP: 94/94 MP: 14/14
  9484 | D:11     | Found a staircase to the Orcish Mines.
  9550 | D:11     | Noticed a boulder beetle
  9561 | D:11     | Killed a boulder beetle
  9770 | D:11     | Noticed a two-headed ogre
  9776 | D:11     | Killed a two-headed ogre
  9949 | D:11     | Found a staircase to the Lair.
  9970 | D:11     | Reached skill level 13 in Ranged Weapons
 10555 | Lair:1   | Entered Level 1 of the Lair of Beasts
 10693 | Lair:1   | HP: 6/145 [blink frog (9)]
 10699 | Lair:1   | HP: 4/145 [bullfrog (1)]
 10716 | Lair:1   | HP: 6/145 [blink frog (2)]
 11023 | Lair:1   | Reached XP level 12. HP: 106/106 MP: 15/15
 11064 | Lair:1   | Noticed a boulder beetle
 11068 | Lair:1   | Killed a boulder beetle
 11096 | Lair:1   | Found a dark tunnel.
 11104 | Volcano  | Entered a volcano
 11139 | Volcano  | Reached skill level 14 in Ranged Weapons
 11178 | Volcano  | Noticed a red draconian
 11186 | Volcano  | Reached skill level 10 in Fighting
 11195 | Volcano  | Reached skill level 10 in Dodging
 11205 | Volcano  | Killed a red draconian
 11341 | Volcano  | Noticed an orb of fire
 11364 | Volcano  | Noticed an orb of fire
 12447 | Lair:2   | Noticed a five-headed hydra
 12452 | Lair:2   | Killed a five-headed hydra
 12581 | Lair:2   | Reached skill level 15 in Ranged Weapons
 13081 | Lair:3   | Found a staircase to the Shoals.
 13085 | Lair:3   | Reached XP level 13. HP: 115/115 MP: 16/16
 13808 | Lair:3   | Found a hole to the Spider Nest.
 14510 | D:6      | Bought an amulet of regeneration for 450 gold pieces
 14745 | Lair:4   | Noticed Snorg
 14754 | Lair:4   | Killed Snorg
 15038 | Lair:4   | Reached skill level 16 in Ranged Weapons
 15390 | Lair:5   | Entered Level 5 of the Lair of Beasts
 15913 | Lair:5   | Reached XP level 14. HP: 126/126 MP: 17/17
 16011 | Lair:5   | Found a staircase to the Slime Pits.
 16269 | Lair:5   | Reached skill level 17 in Ranged Weapons
 17075 | D:12     | You fall into a shaft and drop 1 floor!
 17851 | D:13     | Found a gate to the Vaults.
 18478 | D:14     | Reached skill level 18 in Ranged Weapons
 18496 | D:14     | Killed from afar by a fire dragon

Illustrated notes

Levels and vault maps discovered:
D:1:      ldierk_walled_garden, layout_basic,
          hellmonk_ecumenical_altar_leap_of_faith, serial_shops, shop
D:2:      layout_basic, uniq_crazy_yiuf_cottage
D:3:      layout_loops_ring, gammafunk_ghost_nasty_kobolds, serial_bayou,
          serial_bayou_pond_b, serial_bayou_ford_a, serial_bayou_lake_a,
          serial_bayou_lagoon_a
D:4:      layout_cave_pods, gammafunk_temple_overflow_wave,
          minmay_temple_entry_waves, item_on_display_a, uniq_eustachio,
          uniq_duvessa, uniq_natasha
D:5:      layout_basic
D:6:      layout_basic, serial_shops, shop, minmay_misc_feat_pillars
D:7:      layout_loops_cross, nicolae_qazlal_general_emergency,
          kennysheep_generic_room_13, uniq_maggie
D:8:      layout_rooms, corexii_hall_statues_deadend, bh_walls_and_bars,
          uniq_joseph
D:9:      layout_basic, lightli_minifort, uniq_pikel
D:10:     layout_loops_corners, hangedman_ru_absence
D:11:     layout_loops_ring, hellmonk_lair_entry_icy, orc_0_dummy, serial_ice,
          serial_ice_f, serial_ice_e, serial_ice_h, serial_ice_o, serial_ice_g,
          serial_ice_l, uniq_sonja
D:12:     layout_loops_ring
D:13:     layout_gridville, david_vaults_1, onia_ninara_dug_in_and_dangerous
D:14:     minmay_the_grid_4x2 [minmay_the_grid_dragon_a,
          minmay_the_grid_minigrid_medium, minmay_the_grid_tree,
          minmay_the_grid_expand, minmay_the_grid_empty,
          minmay_the_grid_medium_cups, minmay_the_grid_all_tris,
          minmay_the_grid_prize_four_corners], layout_rooms, serial_aquarium,
          aquarium_bridge_straight [aquarium_subvault_bridge,
          aquarium_subvault_window, aquarium_subvault_bridge,
          aquarium_subvault_balcony], aquarium_bridge_square
          [aquarium_subvault_balcony, aquarium_subvault_bridge,
          aquarium_subvault_bridge, aquarium_subvault_window],
          aquarium_window_2, aquarium_window_2, aquarium_window_corridor_3,
          aquarium_window_1, aquarium_view_2b, aquarium_view_2b,
          chequers_serial_rivers_micro_a
Lair:1:   layout_roguey, lightli_volcano_entry_magma_tube
Lair:2:   layout_roguey, minivault_25, forest_entry_grove
Lair:3:   layout_cave_pods, nicolae_shoals_entry_roost,
          nicolae_spider_entry_lesser_pyramids
Lair:4:   layout_loops_ring, uniq_snorg
Lair:5:   evilmike_catoblepas_cave, layout_gridlike, minmay_slime_entry_pillars,
          chequers_serial_rivers_micro_a

Skill      XL: |  1  2  3  4  5  6  7  8  9 10 11 12 13 14 |
---------------+-------------------------------------------+-----
Stealth        | 1 |  1.0
Fighting       | 2 3 4 5 7 8 9 10 12 | 12.9
Dodging        | 2 3 4 5 7 8 9 10 12 | 12.9
Ranged Weapons | 4 5 6 7 8 10 12 13 15 16 18 | 18.0

Action                     |  1- 3 |  4- 6 |  7- 9 | 10-12 | 13-15 || total
---------------------------+-------+-------+-------+-------+-------++-------
   Fire: Shortbow          |   118 |   150 |   438 |   749 |   736 ||  2191
         Arbalest          |       |       |       |       |   126 ||   126
  Throw: Dart              |       |       |       |     5 |       ||     5
         Throwing net      |       |       |       |     4 |       ||     4
  Evoke: Wand              |       |     9 |       |       |     1 ||    10
    Use: Scroll            |     6 |     3 |     9 |     7 |     8 ||    33
         Potion            |       |       |     4 |     9 |       ||    13
 Armour: Leather armour    |    15 |    31 |     1 |       |     3 ||    50
         Robe              |       |       |    78 |       |       ||    78
         Steam dragon scal |       |       |    10 |    51 |    64 ||   125
         Skin              |       |       |       |    22 |       ||    22
  Dodge: Dodged            |    21 |    65 |   229 |   294 |   520 ||  1129
